 Dungeon Crawl Stone Soup version 0.31-a0-949-g57150269e1 (webtiles) character file.

Game seed: 2912120007769203845

7273 Pooter the Cleaver (level 10, 0/133 (139) HPs)
             Began as a Minotaur Monk on Oct 22, 2023.
             Was an Elder of Okawaru.
             Slain by an orc knight
             ... wielding a +0 halberd
              (20 damage)
             ... in a bailey.
             The game lasted 00:42:34 (10771 turns).

Pooter the Cleaver (Minotaur Monk)                 Turns: 10771, Time: 00:42:35

HP:   0/133 (139)   AC: 13    Str: 20    XL:     10   Next: 89%
MP:   11/13         EV:  8    Int:  7    God:    Okawaru [****..]
Gold: 461           SH:  0    Dex: 13    Spells: 9/9 levels left

rFire   . . .        a - +12 hand axe of Ges Mysk {flame, rN++ Stlth+}
rCold   . . .        (no shield)
rNeg    + + .        c - +0 plate armour
rPois   .            (helmet restricted)
rElec   .            (no cloak)
rCorr   .            r - +0 pair of gloves
SInv    .            (no boots)
Will    +....        (no amulet) Stlth
                     p - ring of willpower
HPRegen 0.42/turn    (no ring)
MPRegen 0.13/turn

%: no passive effects
@: berserking, heroic, lightly drained, very quick
A: horns 2, retaliatory headbutt
a: Renounce Religion, Heroism, Finesse


You were in a bailey.
You worshipped Okawaru.
Okawaru was greatly pleased with you.
You visited 1 branch of the dungeon, and saw 10 of its levels.
You also visited: Bailey.

You collected 461 gold pieces.

Inventory:

Hand Weapons
 a - the +12 hand axe of Ges Mysk (weapon) {flame, rN++ Stlth+}
   (You found it on level 2 of the Dungeon)

   rN++:      It greatly protects you from negative energy.
   Stlth+:    It makes you more stealthy.
 b - a +7 sling of flaming
   (You took it off Joseph on level 7 of the Dungeon)
 n - a +0 war axe
   (You took it off an orc priest on level 2 of the Dungeon)
 E - a +1 flail of holy wrath
   (You took it off an orc on level 6 of the Dungeon)
 I - a +0 trident
   (You took it off Blork the orc on level 4 of the Dungeon)
 K - a +0 dire flail
   (You took it off an orc warrior on level 8 of the Dungeon)
 M - a +4 halberd of draining
   (You took it off a gnoll in a bailey)
Missiles
 o - 11 poisoned darts
 A - 5 boomerangs (quivered)
 C - 4 darts of dispersal {!f}
 G - 2 throwing nets {!f}
 Q - 62 stones
Armour
 c - a +0 plate armour (worn)
   (You found it on level 8 of the Dungeon)
 d - an orb of light
 r - a +0 pair of gloves (worn)
   (You found it on level 2 of the Dungeon)
 H - the +3 scale mail "Momnogeaq" {+Blink rPois Will++ Stlth-}
   (You found it on level 7 of the Dungeon)

   rPois:     It protects you from poison Will++: It greatly increases your
   willpower.
   +Blink:    It lets you blink.
   Stlth-:    It makes you less stealthy.
Jewellery
 p - a ring of willpower (left hand)
   (You found it on level 2 of the Dungeon)
 q - a ring of ice
   (You found it on level 7 of the Dungeon)
Wands
 f - a wand of flame (16)
   (You found it on level 8 of the Dungeon)
 i - a wand of quicksilver (5)
   (You found it on level 8 of the Dungeon)
 v - a wand of mindburst (11)
   (You found it on level 8 of the Dungeon)
 D - a wand of roots (2)
   (You found it on level 9 of the Dungeon)
Scrolls
 h - a scroll of enchant armour
 k - a scroll of revelation
 s - a scroll of silence
 t - 2 scrolls of teleportation {@r4}
 w - 3 scrolls of poison {!r}
 y - a scroll of noise {!r}
 F - 3 scrolls of fear
 J - a scroll of immolation {!r}
Potions
 e - 3 potions of curing {@q1}
 g - a potion of berserk rage
 j - a potion of attraction {unknown}
 l - 3 potions of degeneration {unknown}
 m - 2 potions of brilliance
 u - a potion of lignification {!q}
 x - 2 potions of enlightenment {unknown}
 z - 2 potions of invisibility {unknown}
 B - 2 potions of mutation {unknown}
 L - a potion of ambrosia
 N - a potion of magic {unknown}


   Skills:
 + Level 10.0(15.0) Fighting
 * Level 13.4(18.4) Axes
 + Level 7.1(12.1) Ranged Weapons
 - Level 3.2(8.2) Dodging
 + Level 6.3 Invocations
 + Level 3.7 Evocations


You had 9 spell levels left.
You didn't know any spells.
Your spell library contained the following spells:

 Spells                   Type           Power      Damage    Failure   Level
 Freeze                   Ice            0%         1d3       100%        1
 Blink                    Tloc           0%         N/A       100%        2
 Wereblood                Tmut           0%         N/A       100%        2
 Dazzling Flash           Conj/Hex       0%         N/A       100%        3
 Frozen Ramparts          Ice            0%         1d1       100%        3
 Hailstorm                Conj/Ice       0%         3d3       100%        3
 Manifold Assault         Tloc           0%         N/A       100%        4
 Agony                    Necr           0%         N/A       100%        5
 Irradiate                Conj/Tmut      0%         3d11      100%        5
 Silence                  Hex/Air        0%         N/A       100%        5


Dungeon Overview and Level Annotations

Branches:
Dungeon (10/15) Zot: 26607  Temple (0/1) D:6            Lair (0/5) D:10
    Orc (0/2) D:10         Bailey (1/1) Zot: 5548

Altars:
Okawaru
Qazlal
Vehumet
Xom
Yredelemnul

Annotations:
D:3 1 runed translucent door


Innate Abilities, Weirdness & Mutations

You have a pair of horns on your head.
You reflexively headbutt those who attack you in melee.


Message History

Okawaru accepts your kill.
There is an open door here.
Things that are here:
a +0 halberd of draining; a gnoll corpse You start resting.
Found four items.
A gnoll comes into view.
It is wielding a +2 halberd of draining.
An orc knight comes into view. It is wielding a +0 halberd.
Found a fuming blue potion and a pink potion.
The gnoll shouts!
The orc knight shouts!
The gnoll shouts!
The orc knight roars a battlecry!
The gnoll barely misses you.
You hear a shout!
Found 2 smoky cyan potions, a red potion and 2 pink potions.
The gnoll hits you with a +1 halberd of electrocution!
You are electrocuted!
An orc comes into view. It is wielding a +0 trident.
There is an open door here.
You gain the combat prowess of a mighty hero.
You can no longer enter into single combat with a foe.
Okawaru will no longer gift you throwing weapons.
The gnoll hits you from afar with a +2 halberd of draining.
You partially resist.
You feel drained.
The orc knight hits you from afar with a +0 halberd!
The gnoll hits you but does no damage.
You barely miss the gnoll. You headbutt the gnoll. The gnoll barely misses you.
The orc knight hits you from afar with a +0 halberd!
* * * LOW HITPOINT WARNING * * *
The gnoll hits you with a +1 halberd of electrocution.
* * * LOW HITPOINT WARNING * * *
You slash the gnoll! You burn the gnoll. Your headbutt misses the gnoll.
The gnoll barely misses you.
The orc knight hits you from afar with a +0 halberd!
* * * LOW HITPOINT WARNING * * *
The gnoll hits you with a +1 halberd of electrocution!
* * * LOW HITPOINT WARNING * * *
A red film seems to cover your vision as you go berserk!
You feel yourself moving faster!
You feel mighty! The gnoll barely misses you. The orc knight barely misses you.
The gnoll hits you with a +1 halberd of electrocution.
* * * LOW HITPOINT WARNING * * *
You barely miss the gnoll. You slash the gnoll! You burn the gnoll.
You kill the gnoll!
Okawaru accepts your kill. The orc closely misses you.
The gnoll hits you but does no damage. You partially resist.
The orc knight suddenly cheers.
The orc knight hits you with a +0 halberd!!
You die...

#.## #.#)###.#
#.# #)# ### ####
### ## #.###.#
#.#g# ##'##'##'#
#'##+##+ ##.....#
#!.!.!#
#.....#####.!.!.#
+..⌠..'.# 'o.⌠.!+
#.....### #o!.!.#
#.....## ##@g!.!#
+##+##'###'##+##+
##)).## #####


You could see an orc knight, a gnoll and an orc (strong).

Vanquished Creatures
  A death yak (D:9)
  2 two-headed ogres
  Joseph (D:7)
  A troll (D:10)
  A hornet (D:9)
  A shadow (D:7)
  A wyvern (D:8)
  Grum (D:8)
  2 vampire mosquitoes (D:9)
  An acid dragon (D:9)
  3 water moccasins
  4 orc warriors
  4 ice beasts
  A black bear (D:8)
  2 wolves (D:8)
  4 centaurs
  Blork the orc (D:4)
  A kobold brigand (D:9)
  2 bullfrogs
  2 scorpions (D:5)
  18 killer bees
  3 hounds (D:6)
  A human zombie (D:3)
  6 orc priests
  2 gnoll boudas
  2 jellies (D:7)
  Jessica (D:2)
  Terence (D:2)
  Natasha (thrice) (D:4)
  3 iguanas
  5 orc wizards
  Robin (D:1)
  11 adders
  15 gnolls
  2 shadow imps
  2 white imps
  2 worms (D:2)
  A dart slug (D:1)
  50 orcs
  9 ball pythons
  3 bats (D:1)
  8 endoplasms
  A giant cockroach (D:2)
  17 goblins
  7 hobgoblins
  2 jackals (D:3)
  6 kobolds
  2 quokkas (D:2)
  2 frilled lizards (D:1)
  A kobold zombie (D:3)
  4 rats
227 creatures vanquished.

Notes
Turn   | Place    | Note
-------+----------+-------------------------------------------
     0 | D:1      | Pooter the Minotaur Monk began the quest for the Orb.
     0 | D:1      | Reached XP level 1. HP: 19/19 MP: 0/0
   144 | D:1      | Reached skill level 4 in Axes
   157 | D:1      | Reached XP level 2. HP: 27/27 MP: 1/1
   850 | D:2      | Reached XP level 3. HP: 33/33 MP: 2/2
   953 | D:2      | Reached skill level 5 in Axes
  1003 | D:2      | Noticed Robin
  1034 | D:1      | Killed Robin
  1147 | D:1      | Reached XP level 4. HP: 40/41 MP: 3/3
  1346 | D:2      | Reached skill level 6 in Axes
  1400 | D:2      | Reached XP level 5. HP: 47/47 MP: 4/4
  1452 | D:2      | Noticed Terence
  1458 | D:2      | Killed Terence
  1459 | D:2      | Reached skill level 5 in Fighting
  1491 | D:2      | Identified the +12 hand axe of Ges Mysk {flame, rN++
                  | Stlth+}
  1695 | D:2      | Noticed Jessica
  1706 | D:2      | Killed Jessica
  2172 | D:3      | Found an iron altar of Okawaru.
  2177 | D:3      | Became a worshipper of Warmaster Okawaru
  2177 | D:3      | Reached * piety under Okawaru
  2177 | D:3      | Reached ** piety under Okawaru
  2352 | D:3      | Noticed a human
  2353 | D:3      | Found a runed translucent door.
  2360 | D:3      | Reached skill level 7 in Axes
  2360 | D:3      | Reached XP level 6. HP: 50/56 MP: 5/5
  2380 | D:3      | Found a basalt altar of Yredelemnul.
  2743 | D:3      | Found a faded altar of an unknown god.
  3035 | D:4      | Noticed Natasha
  3045 | D:4      | Killed Natasha
  3177 | D:4      | Noticed Natasha
  3182 | D:4      | Killed Natasha
  3303 | D:4      | Noticed Natasha
  3308 | D:4      | Killed Natasha
  3336 | D:4      | Noticed Blork the orc
  3344 | D:4      | Killed Blork the orc
  3620 | D:5      | Entered Level 5 of the Dungeon
  3645 | D:5      | Noticed a water moccasin
  3655 | D:5      | Killed a water moccasin
  3656 | D:5      | Reached skill level 8 in Axes
  3656 | D:5      | Reached skill level 1 in Ranged Weapons
  3656 | D:5      | Reached skill level 1 in Invocations
  3656 | D:5      | Reached XP level 7. HP: 44/63 MP: 6/6
  3921 | D:5      | Found a stormy altar of Qazlal.
  4099 | D:5      | Reached *** piety under Okawaru
  5033 | D:6      | Reached skill level 9 in Axes
  5034 | D:6      | Reached XP level 8. HP: 54/71 MP: 5/8
  5720 | D:6      | Found a staircase to the Ecumenical Temple.
  6078 | D:7      | Identified the +3 scale mail "Momnogeaq" {+Blink rPois
                  | Will++ Stlth-}
  6109 | D:7      | Noticed Joseph
  6579 | D:7      | Killed Joseph
  6580 | D:7      | Reached skill level 10 in Axes
  6580 | D:7      | Reached XP level 9. HP: 53/81 MP: 7/10
  6802 | D:7      | Reached **** piety under Okawaru
  7336 | D:8      | Reached skill level 11 in Axes
  7369 | D:8      | Reached skill level 5 in Ranged Weapons
  8372 | D:8      | Reached skill level 1 in Evocations
  8390 | D:8      | Noticed Grum
  8399 | D:8      | Killed Grum
  8400 | D:8      | Reached skill level 5 in Invocations
  8498 | D:8      | Found a radiant altar of Vehumet.
  8743 | D:9      | Found a shimmering altar of Xom.
  8756 | D:9      | Paralysed by a hornet for 3 turns
  8762 | D:9      | Reached skill level 12 in Axes
  9109 | D:9      | Reached XP level 10. HP: 76/91 MP: 12/12
  9404 | D:9      | Noticed a two-headed ogre
  9412 | D:9      | Killed a two-headed ogre
  9912 | D:10     | Entered Level 10 of the Dungeon
  9912 | D:10     | Noticed a two-headed ogre
  9921 | D:10     | Killed a two-headed ogre
  9921 | D:10     | Reached ***** piety under Okawaru
  9922 | D:10     | Reached skill level 13 in Axes
  9960 | D:10     | Noticed a death yak
  9962 | D:10     | Noticed a death yak
  9971 | D:10     | Noticed a death yak
  9973 | D:10     | Noticed a death yak
  9973 | D:10     | Noticed a death yak
  9982 | D:9      | Killed a death yak
 10253 | D:10     | Found a staircase to the Lair.
 10298 | D:10     | Found a flagged portal.
 10313 | Bailey   | Entered a bailey
 10534 | Bailey   | Reached skill level 10 in Fighting
 10763 | Bailey   | Noticed an orc knight
 10771 | Bailey   | Slain by an orc knight

Illustrated notes

Levels and vault maps discovered:
D:1:      dpeg_arrival_shrine, layout_loops_ring, minmay_hedge_maze,
          amcnicky_mini_pool_small
D:2:      layout_basic, uniq_robin, uniq_terence, uniq_jessica
D:3:      layout_loops_ring, dk_yredelemnul_ordeal,
          hellmonk_okawaru_the_only_friend_you_need,
          hellmonk_ecumenical_altar_slurped_away
D:4:      layout_basic, uniq_blork_the_orc, uniq_natasha
D:5:      layout_basic, nicolae_qazlal_scattered_showers
D:6:      layout_layer_cave, minmay_temple_entry_enclosed_plants
D:7:      layout_rooms, uniq_joseph
D:8:      layout_basic, mainiacjoe_overflow_alcove_1, chequers_mini_garden,
          uniq_grum
D:9:      layout_small_grid, overflow_temple_1_default, kennysheep_small_spiral
D:10:     layout_cross, tgw_sif, amethyst_overflow_temple_binary,
          dpeg_lair_monsters, orc_0_dummy, enter_bailey_3, serial_shops, shop
Bailey:   bailey_polearm_nasty_gnolls, bailey

Skill      XL: |  1  2  3  4  5  6  7  8  9 10 |
---------------+-------------------------------+-----
Axes           | 4 5 6 7 8 9 10 12 13 | 13.4
Fighting       | 4 5 6 7 9 10 | 10.0
Ranged Weapons | 1 2 4 5 7 |  7.1
Invocations    | 1 2 3 5 6 |  6.3
Evocations     | 2 3 |  3.7
Dodging        | |  3.2

Action                     |  1- 3 |  4- 6 |  7- 9 | 10-12 || total
---------------------------+-------+-------+-------+-------++-------
  Melee: Hand axe          |    51 |    52 |   120 |    76 ||   299
         Headbutt          |    17 |    15 |    17 |    14 ||    63
         Short sword       |    10 |    15 |       |       ||    25
         War axe           |       |     2 |       |       ||     2
   Fire: Sling             |     4 |    25 |    89 |    20 ||   138
  Throw: Stone             |       |     3 |       |       ||     3
         Throwing net      |       |     2 |       |       ||     2
         Dart              |       |     1 |       |       ||     1
         Boomerang         |       |       |     9 |     5 ||    14
 Invoke: Heroism           |       |     1 |     4 |     7 ||    12
  Evoke: Wand              |       |       |       |     2 ||     2
    Use: Potion            |     1 |       |     1 |     1 ||     3
         Scroll            |       |    10 |     6 |     2 ||    18
 Armour: Robe              |    43 |    11 |       |       ||    54
         Scale mail        |       |    31 |   133 |    52 ||   216
         Plate armour      |       |       |       |    17 ||    17
  Dodge: Dodged            |    43 |    17 |    67 |    59 ||   186

Table legend: (Time is in decaauts)
 A = Elapsed time spent in this place.
 B = Non-inter-level travel time spent in this place.
 C = Inter-level travel time spent in this place.
 D = Time resting spent in this place.
 E = Time spent auto-exploring this place.
 F = Levels seen in this place.
 G = Mean time per level.
                   A        B        C        D        E       F      G
               +--------+--------+--------+--------+--------+-----+--------+
         Total |  10745 |  10467 |    278 |   2621 |   6293 |  11 |  976.8 |
       Dungeon |  10294 |  10016 |    278 |   2303 |   6293 |  10 | 1029.4 |
        Bailey |    450 |    450 |      0 |    318 |      0 |   1 |  450.0 |
               +--------+--------+--------+--------+--------+-----+--------+

Top non-repeatable levels by time:
     D:6: 1854 daAuts
     D:9: 1614 daAuts
     D:8: 1481 daAuts
     D:2: 1196 daAuts
     D:5: 1076 daAuts
     D:3: 916 daAuts
     D:1: 916 daAuts
     D:4: 599 daAuts
     D:7: 521 daAuts
  Bailey: 450 daAuts
    D:10: 118 daAuts
